 Dungeon Crawl Stone Soup version 0.28-a0-413-gde365fb1df (webtiles) character file.

Game seed: 17326712605081547256

20248 desmos the Bludgeoner (level 12, -6/110 HPs)
             Began as a Hill Orc Berserker on Sept 5, 2021.
             Was an Elder of Trog.
             Mangled by a merfolk (13 damage)
             ... on level 1 of the Shoals on Sept 7, 2021.
             The game lasted 01:47:52 (21518 turns).

desmos the Bludgeoner (Hill Orc Berserker)         Turns: 21518, Time: 01:47:52

Health: -6/110     AC: 14    Str: 25    XL:     12   Next: 77%
Magic:  12/12      EV:  9    Int:  7    God:    Trog [****..]
Gold:   799        SH:  0    Dex: 10    Spells: 11/11 levels left

rFire   + + .      SeeInvis +   E - +3 flail
rCold   x . .      Faith    .   (no shield)
rNeg    + . .      Spirit   .   s - +2 chain mail {rF+}
rPois   .          Reflect  .   J - +0 hat {SInv}
rElec   .          Harm     .   (no cloak)
rCorr   .          Rampage  .   (no gloves)
Will    +....                   (no boots)
Stlth   ..........              (no amulet)
HPRegen 0.28/turn               B - ring of Mabbiublao {Fire Fly rN+ Will+}
MPRegen 0.13/turn               (no ring)

@: flying
A: no striking features
a: Renounce Religion, Berserk, Trog's Hand, Brothers in Arms


You were on level 1 of the Shoals.
You worshipped Trog.
Trog was greatly pleased with you.
You visited 3 branches of the dungeon, and saw 12 of its levels.

You collected 799 gold pieces.

Inventory:

Hand Weapons
 a - a +1 mace
 E - a +3 flail (weapon)
 H - a +2 quarterstaff of chaos
 K - a +1 vampiric hand axe
 S - the +12 hunting sling "Reolovir" {freeze, rPois Will+ Int+7 Stlth-}
   (You found it on level 2 of the Lair of Beasts)

   Any ammunition fired from it freezes those it strikes, dealing additional
   cold damage.
   It can also slow down cold-blooded creatures.
   Int:       It affects your intelligence (+7).
   rPois:     It protects you from poison.
   Will:      It increases your willpower.
   Stlth:     It makes you less stealthy.
 U - a +0 trident
Armour
 b - a +0 animal skin
 c - a +0 scale mail
 e - a +0 chain mail
 j - a +2 ring mail of cold resistance
 s - a +2 chain mail of fire resistance (worn)
 w - +0 steam dragon scales
 D - a +0 ring mail
 F - a +0 helmet
 J - a +0 hat of see invisible (worn)
 L - a +0 plate armour
Jewellery
 B - the ring of Mabbiublao (left hand) {Fire Fly rN+ Will+}
   (You found it on level 7 of the Dungeon)

   [ring of fire]

   It enhances your fire magic.
   rF:        It protects you from fire.
   rC:        It makes you vulnerable to cold.
   rN:        It protects you from negative energy.
   Fly:       It grants you flight.
   Will:      It increases your willpower.
 I - a ring of ice
Wands
 t - a wand of iceblast (30)
 u - a wand of paralysis (8)
 y - a wand of flame (30)
 A - a wand of digging (4)
 O - a wand of polymorph (10)
 T - a wand of charming (7)
Scrolls
 d - a scroll of vulnerability {unknown}
 p - a scroll of immolation
 q - a scroll of enchant weapon
 r - a scroll of fog {unknown}
 z - a scroll of blinking
 G - 3 scrolls of teleportation
 N - 2 scrolls of identify
 R - a scroll of magic mapping
Potions
 f - 4 potions of brilliance
 g - 4 potions of flight {unknown}
 h - 3 potions of attraction {unknown}
 i - a potion of lignification {unknown}
 k - 6 potions of might {unknown}
 l - 3 potions of berserk rage
 m - 4 potions of haste
 n - 7 potions of curing
 o - 2 potions of degeneration {unknown}
 v - a potion of cancellation {unknown}
 x - 2 potions of heal wounds {unknown}
 C - a potion of resistance {unknown}
 M - a potion of mutation {unknown}
 P - a potion of ambrosia {unknown}
 Q - a potion of invisibility {unknown}


   Skills:
 + Level 11.1 Fighting
 + Level 15.3 Maces & Flails
 * Level 12.7 Armour
 - Level 1.5 Dodging
 + Level 2.6 Stealth


You had 11 spell levels left.
You didn't know any spells.
Your spell library was empty.

Dungeon Overview and Level Annotations

Branches:
Dungeon (9/15)             Temple (0/1) D:4            Lair (2/6) D:9
 Shoals (1/4) Lair:2
  Snake: Lair:2-4    Spider: Lair:2-4       Orc: D:9-12

Altars:
Dithmenos
Elyvilon
Fedhas
Hepliaklqana
Kikubaaqudgha
Makhleb
Nemelex Xobeh
Okawaru
Sif Muna
Vehumet
Yredelemnul
The Shining One

Shops:
D:4 *   D:9 (

Annotations:
D:3 2 transporters


Message History

The stone hits you!
The snapping turtle bites you from afar!
The merfolk throws a stone.
The stone closely misses you.
The merfolk throws a throwing net.
The throwing net hits you.
You become entangled in the net!
You see here a throwing net.
You struggle against the net.
The snapping turtle bites you from afar.
Your ogre goes berserk!
Trog will no longer gift you weapons.
The snapping turtle bites you from afar!
* * * LOW HITPOINT WARNING * * *
You feel better.
The merfolk hits you but does no damage.
The snapping turtle bites you from afar.
* * * LOW HITPOINT WARNING * * *
Your ogre rages.
Okay, then.
Aiming: Polymorph
Press: ? - help, Shift-Dir - straight line, f - merfolk
Aim: a merfolk, wielding a +0 trident (will become a meliai, a hornet, or a fire dragon, chance to affect: 28%)
The merfolk easily resists.
The merfolk throws a stone.
The stone hits your ogre!
The merfolk hits you from afar with a +0 trident!
* * * LOW HITPOINT WARNING * * *
The snapping turtle bites you but does no damage.
You struggle against the net.
Your ogre barely misses the snapping turtle.
The merfolk throws a stone.
The stone hits your ogre! The merfolk completely misses you.
The snapping turtle bites you from afar!
* * * LOW HITPOINT WARNING * * *
Your ogre barely misses the snapping turtle.
You struggle against the net.
The merfolk throws a stone.
The stone hits your ogre. The merfolk barely misses you.
The snapping turtle bites you but does no damage.
Your ogre hits the snapping turtle with a +0 giant spiked club!
You shred the net and break free!
The merfolk hits you from afar with a +0 trident!
You die...

≈≈≈..###...........)
≈.≈...###....##......
≈............# ......
#....).....# ......
.###....≈≈...##......
........≈≈≈.m.......#
>........≈≈..t.....#
....≈........O.m...#
..≈...##.....@.....#
..≈≈..###........#.#
≈≈≈≈≈....≈≈≈≈<..## #
..≈≈≈≈.≈≈≈≈≈≈..##
..≈≈≈≈≈≈≈≈≈≈...#
.≈≈≈≈≈≈≈≈≈...###
≈≈≈≈≈≈..## ≈≈.≈≈≈..#
.......


You could see a snapping turtle (ally target), 2 merfolk and a friendly ogre
(summoned, berserk).

Vanquished Creatures
  Gastronok (D:8)
  A death knight (D:9)
  A hydra (Lair:2)
  2 two-headed ogres (D:9)
  Joseph (D:9)
  Maggie (D:6)
  5 komodo dragons (Lair:1)
  5 cane toads
  A rime drake (Lair:2)
  A merfolk (Shoals:1)
  Prince Ribbit (D:7)
  A wind drake (Lair:2)
  5 blink frogs (Lair:1)
  A wyvern (D:8)
  21 yaks
  A water elemental (Shoals:1)
  A shadow (D:9)
  A wraith (D:5)
  A basilisk (Lair:2)
  Menkaure (D:6)
  2 wargs (D:9)
  5 water moccasins
  3 orc warriors
  A sky beast (D:5)
  3 ice beasts
  6 wolves (Lair:2)
  6 ogres
  2 necrophages
  3 centaurs
  A kobold brigand (D:8)
  3 phantoms
  9 bullfrogs
  A wyvern zombie (D:9)
  4 scorpions
  A water moccasin zombie (D:5)
  A wyvern skeleton (D:6)
  A water moccasin skeleton (D:5)
  9 killer bees
  11 wights
  A howler monkey (D:6)
  3 centaur zombies
  Crazy Yiuf (D:7)
  A human zombie (D:5)
  3 bullfrog zombies
  4 hounds
  9 orc priests
  A jelly (D:5)
  2 centaur skeletons
  A gnoll shaman (D:4)
  Jessica (D:2)
  2 bullfrog skeletons
  Terence (D:2)
  8 iguanas
  12 orc wizards
  A scorpion zombie (D:5)
  4 mummies (D:5)
  A howler monkey zombie (D:5)
  9 gnolls
  7 river rats (D:6)
  7 adders
  2 shadow imps
  A white imp (D:6)
  2 ufetubi
  An adder zombie (D:5)
  An adder skeleton (D:4)
  A worm (D:2)
  A dart slug (D:5)
  32 orcs
  10 ball pythons
  5 bats
  5 endoplasms
  4 giant cockroaches
  8 goblins
  6 hobgoblins
  9 quokkas
  3 frilled lizards
  11 kobolds
  18 rats
324 creatures vanquished.

Vanquished Creatures (collateral kills)
  2 yaks (D:8)
  A bullfrog (D:4)
  A hound (D:4)
4 creatures vanquished.

Vanquished Creatures (others)
  4 fungi
  10 plants
14 creatures vanquished.

Grand Total: 342 creatures vanquished

Notes
Turn   | Place    | Note
-------+----------+-------------------------------------------
     0 | D:1      | desmos the Hill Orc Berserker began the quest for the Orb.
     0 | D:1      | Reached XP level 1. HP: 19/19 MP: 1/1
   453 | D:1      | Reached XP level 2. HP: 21/27 MP: 2/2
   796 | D:1      | Reached skill level 4 in Maces & Flails
  1074 | D:1      | Reached XP level 3. HP: 33/33 MP: 3/3
  1159 | D:2      | Noticed Terence
  1165 | D:2      | Killed Terence
  1266 | D:2      | Noticed Jessica
  1277 | D:2      | Killed Jessica
  1278 | D:2      | Reached XP level 4. HP: 39/41 MP: 4/4
  1542 | D:2      | Reached ** piety under Trog
  1545 | D:2      | Reached skill level 5 in Maces & Flails
  1967 | D:2      | Found a faded altar of an unknown god.
  2369 | D:3      | Found a transporter.
  2397 | D:3      | Found a transporter.
  2414 | D:3      | Reached XP level 5. HP: 47/47 MP: 5/5
  2846 | D:3      | Reached skill level 6 in Maces & Flails
  3070 | D:3      | Reached XP level 6. HP: 43/53 MP: 6/6
  3827 | D:4      | Found a glowing golden altar of the Shining One.
  3866 | D:4      | Found Yraez's Assorted Antiques.
  4098 | D:4      | Reached skill level 7 in Maces & Flails
  4107 | D:4      | Reached skill level 5 in Fighting
  4107 | D:4      | Reached XP level 7. HP: 61/61 MP: 7/7
  4262 | D:4      | Found a staircase to the Ecumenical Temple.
  4272 | D:4      | Reached *** piety under Trog
  4980 | D:5      | Entered Level 5 of the Dungeon
  5115 | D:5      | Reached skill level 8 in Maces & Flails
  5280 | D:5      | Reached XP level 8. HP: 67/69 MP: 8/8
  5369 | D:5      | Reached skill level 9 in Maces & Flails
  5445 | D:5      | Found a basalt altar of Yredelemnul.
  5952 | D:5      | Noticed a yak
  5963 | D:5      | Noticed a wraith
  6305 | D:5      | Reached skill level 10 in Maces & Flails
  6509 | D:5      | Killed a wraith
  6510 | D:5      | Reached skill level 5 in Armour
  6510 | D:5      | Reached XP level 9. HP: 75/75 MP: 9/9
  6590 | D:5      | Noticed a two-headed ogre
  6743 | D:5      | Reached skill level 11 in Maces & Flails
  6959 | D:5      | Reached **** piety under Trog
  7659 | D:5      | Found a sparkling altar of Nemelex Xobeh.
  8850 | D:6      | Noticed Maggie
  8863 | D:6      | Killed Maggie
  9118 | D:6      | Reached skill level 12 in Maces & Flails
  9733 | D:6      | Reached XP level 10. HP: 62/86 MP: 10/10
 10150 | D:6      | Reached skill level 1 in Stealth
 10188 | D:6      | Noticed Menkaure
 10216 | D:6      | Killed Menkaure
 10327 | D:6      | Found an iron altar of Okawaru.
 10510 | D:6      | Found a hazy altar of Hepliaklqana.
 10762 | D:7      | Reached ***** piety under Trog
 10938 | D:7      | Found an ancient bone altar of Kikubaaqudgha.
 10948 | D:7      | Identified the ring of Mabbiublao {Fire Fly rN+ Will+}
 11536 | D:7      | Found a runed translucent door.
 11537 | D:7      | Noticed Crazy Yiuf
 11543 | D:7      | Killed Crazy Yiuf
 11544 | D:7      | Reached skill level 13 in Maces & Flails
 11759 | D:7      | Noticed Prince Ribbit
 11778 | D:7      | Killed Prince Ribbit
 12124 | D:7      | Found a burning altar of Makhleb.
 12127 | D:7      | Found a white marble altar of Elyvilon.
 12130 | D:7      | Found a shimmering blue altar of Sif Muna.
 12749 | D:8      | Noticed Gastronok
 12761 | D:8      | Killed Gastronok
 12762 | D:8      | Reached XP level 11. HP: 84/95 MP: 11/11
 12787 | D:8      | Reached skill level 14 in Maces & Flails
 13883 | D:9      | Noticed a two-headed ogre
 13899 | D:9      | Killed a two-headed ogre
 14048 | D:9      | Found a shadowy altar of Dithmenos.
 14734 | D:9      | Found Nawurow's Antique Weapon Boutique.
 14927 | D:9      | Found a blossoming altar of Fedhas.
 15108 | D:9      | Upgraded the game from 0.28-a0-407-g69098e2f6d to
                  | 0.28-a0-413-gde365fb1df
 15195 | D:9      | Noticed Joseph
 15214 | D:9      | Killed Joseph
 15359 | D:9      | HP: 5/145 [orc priest/divine providence (11)]
 15723 | D:9      | Found a staircase to the Lair.
 15744 | D:9      | Noticed a death knight
 15762 | D:9      | Killed a death knight
 15986 | D:9      | Noticed a two-headed ogre
 16003 | D:9      | Killed a two-headed ogre
 16004 | D:9      | Reached skill level 10 in Fighting
 16290 | D:9      | Found a radiant altar of Vehumet.
 16404 | Lair:1   | Entered Level 1 of the Lair of Beasts
 16792 | Lair:1   | Reached skill level 10 in Armour
 17602 | Lair:1   | Reached XP level 12. HP: 106/106 MP: 12/12
 17963 | Lair:1   | Reached skill level 15 in Maces & Flails
 19480 | Lair:2   | Noticed a four-headed hydra
 19489 | Lair:2   | Killed a four-headed hydra
 20138 | Lair:2   | Found a staircase to the Shoals.
 20725 | Lair:2   | Identified the +12 hunting sling "Reolovir" {freeze, rPois
                  | Will+ Int+7 Stlth-}
 21081 | Shoals:1 | Entered Level 1 of the Shoals
 21132 | Shoals:1 | HP: 1/165 [merfolk (16)]
 21518 | Shoals:1 | Mangled by a merfolk

Illustrated notes

Levels and vault maps discovered:
D:1:      ncdulo_smallfort, layout_loops_ring, serial_bayou_lake_a
D:2:      layout_loops_corners, serial_rivers, chequers_serial_rivers_micro_b,
          chequers_serial_rivers_room_b, chequers_serial_rivers_room_b,
          chequers_serial_rivers_micro_c, shapermc_ecumenical_altar_flowoftime,
          uniq_terence, uniq_jessica
D:3:      gammafunk_steamed_eel, layout_basic
D:4:      layout_loops_cross, old_standard_altar, minmay_temple_entry_glass,
          serial_shops, shop, roderic_lattice_a, minmay_strange_pillars,
          patterned_corridor
D:5:      minmay_clustersquares, layout_basic,
          lemuel_mausoleum_altar_yredelemnul, nemelex_dance_club_becter
D:6:      lemuel_ratsnest, layout_basic, lemuel_crystal_altar,
          mainiacjoe_overflow_catwalk, minmay_joined_circles, uniq_menkaure,
          uniq_maggie
D:7:      layout_basic, kiku_gazebo_pond_becter, nicolae_overflow_hidden_temple,
          nicolae_underground_beach, uniq_prince_ribbit1,
          uniq_crazy_yiuf_cottage
D:8:      layout_basic, minmay_misc_feat_five, uniq_gastronok
D:9:      layout_cave_pods, fedhas_altar_fruit_tree,
          mainiacjoe_overflow_alcove_4, mainiacjoe_overflow_paths,
          erik_lair_orcish_takeover, serial_column_ruins, column_ruins_hut,
          column_ruins_hut, column_ruins_corridor_straight,
          column_ruins_open_small, column_ruins_open_tiny,
          column_ruins_open_medium, column_ruins_open_tiny, column_ruins_grid_2,
          column_ruins_open_small, serial_shops, nicolae_diamond_shop,
          uniq_joseph
Lair:1:   beast_lair_carwin_large_3, layout_chaotic_city, minivault_24,
          minivault_27, st_stairs_13
Lair:2:   layout_roguey, minmay_shoals_entry_beasts, grunt_megastairs_3
Shoals:1: layout_shoals, ebering_ghost_gozag, nicolae_shoals_this_corrosion

Skill      XL: |  1  2  3  4  5  6  7  8  9 10 11 12 |
---------------+-------------------------------------+-----
Maces & Flails | 4 5 6 7 8 10 12 13 14 15 | 15.3
Fighting       | 4 5 6 7 8 10 11 | 11.1
Armour         | 3 4 5 6 8 10 12 | 12.7
Stealth        | 2 |  2.6
Dodging        | |  1.5

Action                   |  1- 3 |  4- 6 |  7- 9 | 10-12 || total
-------------------------+-------+-------+-------+-------++-------
Melee: Mace              |    62 |   177 |   455 |   128 ||   822
       Flail             |       |       |       |   639 ||   639
Invok: Berserk           |     1 |     4 |    12 |    15 ||    32
       Brothers in Arms  |       |       |     1 |     4 ||     5
Evoke: Wand              |       |       |       |     1 ||     1
  Use: Scroll            |     1 |     7 |       |     5 ||    13
       Potion            |       |     3 |       |     1 ||     4
Armor: Scale mail        |    21 |    11 |       |       ||    32
       Animal skin       |     4 |       |       |       ||     4
       Ring mail         |       |    76 |    83 |       ||   159
       Chain mail        |       |       |    98 |   310 ||   408
Dodge: Dodged            |    30 |   125 |   198 |   265 ||   618

Table legend: (Time is in decaauts)
 A = Elapsed time spent in this place.
 B = Non-inter-level travel time spent in this place.
 C = Inter-level travel time spent in this place.
 D = Time resting spent in this place.
 E = Time spent auto-exploring this place.
 F = Levels seen in this place.
 G = Mean time per level.
                   A        B        C        D        E       F      G
               +--------+--------+--------+--------+--------+-----+--------+
         Total |  21668 |  21177 |    491 |   9689 |   7709 |  12 | 1805.7 |
       Dungeon |  17079 |  16676 |    403 |   7155 |   6481 |   9 | 1897.7 |
          Lair |   4142 |   4054 |     88 |   2155 |   1203 |   2 | 2071.0 |
        Shoals |    446 |    446 |      0 |    378 |     25 |   1 |  446.0 |
               +--------+--------+--------+--------+--------+-----+--------+

Top non-repeatable levels by time:
     D:5: 3486 daAuts
     D:9: 3025 daAuts
  Lair:1: 2888 daAuts
     D:6: 1802 daAuts
     D:7: 1751 daAuts
     D:4: 1725 daAuts
     D:2: 1516 daAuts
     D:8: 1408 daAuts
  Lair:2: 1253 daAuts
     D:1: 1201 daAuts
     D:3: 1162 daAuts
Shoals:1: 446 daAuts
